MLB
WASHINGTON NATIONALS @ SAN FRANCISCO GIANTS
07/13/2098
 
TOP OF THE 1ST
Washington Nationals batting - Pitching for San Francisco Giants : RHP Chris Martin
Pitching: RHP Chris Martin
Batting: RHB Luis Rivera 0-0: Fly out, F9 (Line Drive, 89M, EV 95.0 MPH)
Batting: SHB Kyle Spencer 0-0: Ball
1-0: Foul Ball, location: 7LMF
1-1: Ball
2-1: Foul Ball, location: 2F
2-2: SINGLE (Line Drive, 34, EV 100.0 MPH)
Batting: LHB Bubba Main 0-0: DOUBLE (Line Drive, 7LS, EV 95.0 MPH)
Kyle Spencer to third
Runner from 3rd tries for Home, SAFE, throw by LF to home
Batting: LHB Jose Lara 0-0: Called Strike
0-1: Ball
1-1: Fly out, F7 (Flyball, 7D, EV 106.3 MPH)
Runner from 2nd tags up, SAFE at 3rd, no throw by LF
Batting: RHB Jose Orozco 0-0: Ball
1-0: Fly out, F9 (Line Drive, 89M, EV 88.8 MPH)
Top of the 1st over - 1 run, 2 hits, 0 errors, 1 left on base; Washington 1 - San Francisco 0
BOTTOM OF THE 1ST
San Francisco Giants batting - Pitching for Washington Nationals : RHP Thomas Strange
Pitching: RHP Thomas Strange
Batting: RHB Erik Mulloy 0-0: Ball
1-0: Called Strike
1-1: Ball
2-1: DOUBLE (Flyball, 8RXD, EV 95.6 MPH)
Batting: RHB Masataka Kato 0-0: Ball
1-0: Ball
2-0: Ball
3-0: Called Strike
3-1: Ground out 5-3 (Groundball, 5D, EV 104.4 MPH)
Batting: LHB Daniel Cipolla 0-0: Called Strike
Erik Mulloy steals 3rd base
0-1: Ball
1-1: DOUBLE (Flyball, 8RXD, EV 99.4 MPH)
Erik Mulloy scores
Batting: RHB David Bishop 0-0: Foul Ball, location: 23F
0-1: Ball
1-1: Fly out, F9 (Flyball, 9D, EV 99.4 MPH)
Runner from 2nd tags up, SAFE at 3rd, no throw by RF
Batting: LHB Kevin Shaw 0-0: Ball
1-0: Ground out 4-3 (Groundball, 4, EV 81.3 MPH)
Bottom of the 1st over - 1 run, 2 hits, 0 errors, 1 left on base; Washington 1 - San Francisco 1
TOP OF THE 2ND
Washington Nationals batting - Pitching for San Francisco Giants : RHP Chris Martin
Batting: RHB Isaiah Williams 0-0: Called Strike
0-1: Foul Ball, location: 9LSF
0-2: Strikes out looking
Batting: SHB Everett Anderson 0-0: Called Strike
0-1: Fly out, F9 (Flyball, 9, EV 93.1 MPH)
Batting: LHB Sean Weaver 0-0: Fly out, F8 (Line Drive, 8LM, EV 102.5 MPH)
Top of the 2nd over - 0 runs, 0 hits, 0 errors, 0 left on base; Washington 1 - San Francisco 1
BOTTOM OF THE 2ND
San Francisco Giants batting - Pitching for Washington Nationals : RHP Thomas Strange
Batting: RHB Danny Bute 0-0: Ball
1-0: Foul Ball, location: 23F
1-1: Fly out, F8 (Flyball, 8RS, EV 85.0 MPH)
Batting: LHB Ernesto Pelayo 0-0: Ball
1-0: Swinging Strike
1-1: Ball
2-1: Foul Ball, location: 5FF
2-2: SOLO HOME RUN (Flyball, 89XD, EV 110.0 MPH), Distance : 427 ft
Batting: RHB Kevin Mosemann 0-0: Called Strike
0-1: Bunt missed!
0-2: Ground out 1-3 (Groundball, 34S, EV 66.3 MPH)
Batting: RHB Dave Melton 0-0: Swinging Strike
0-1: Fly out, F9 (Flyball, 89M, EV 74.4 MPH)
Bottom of the 2nd over - 1 run, 1 hit, 0 errors, 0 left on base; Washington 1 - San Francisco 2
TOP OF THE 3RD
Washington Nationals batting - Pitching for San Francisco Giants : RHP Chris Martin
Batting: RHB Juan Lozano 0-0: Ball
1-0: SINGLE (Groundball, 56D, EV 95.6 MPH)
Batting: RHB Luis Rivera 0-0: Ball
Juan Lozano steals 2nd, throwing error, E2
Juan Lozano to third
1-0: Ball
2-0: Ball
3-0: Base on Balls
Batting: SHB Kyle Spencer 0-0: Ball
1-0: Called Strike
1-1: Foul Ball, location: 2F
1-2: Ball
2-2: Foul Ball, location: 5F
2-2: Fielders Choice at 2nd, 4-6 (Groundball, P, EV 83.8 MPH)
Juan Lozano scores
Batting: LHB Bubba Main 0-0: Called Strike
0-1: Ball
1-1: Called Strike
1-2: Strikes out swinging
Batting: LHB Jose Lara 0-0: Fly out, F7 (Flyball, 7, EV 94.4 MPH)
Top of the 3rd over - 1 run, 1 hit, 1 error, 1 left on base; Washington 2 - San Francisco 2
BOTTOM OF THE 3RD
San Francisco Giants batting - Pitching for Washington Nationals : RHP Thomas Strange
Batting: RHB Erik Mulloy 0-0: SINGLE (Groundball, 34D, EV 95.6 MPH)
Batting: RHB Masataka Kato 0-0: Ball
Erik Mulloy steals 2nd, throwing error, E2
Erik Mulloy to third
1-0: Called Strike
1-1: Ball
2-1: Foul Ball, location: 5FF
2-2: Foul Ball, location: 5DF
2-2: Ball
3-2: SINGLE (Line Drive, 6D, EV 96.9 MPH)
Erik Mulloy scores
Batting: LHB Daniel Cipolla 0-0: Ball
1-0: Ball
2-0: Foul Ball, location: 7LMF
2-1: Ball
3-1: Called Strike
3-2: Strikes out swinging
Masataka Kato steals 2nd base
Batter strikes out.
Batting: RHB David Bishop 0-0: Ball
1-0: Fly out, F8 (Flyball, 8LM, EV 83.8 MPH)
Batting: LHB Kevin Shaw 0-0: Ball
1-0: Foul Ball, location: 5F
1-1: Ball
2-1: Foul Ball, location: 23FF
2-2: 2-RUN HOME RUN (Flyball, 89XD, EV 110.6 MPH), Distance : 429 ft
Batting: RHB Danny Bute 0-0: Foul Ball, location: 2F
0-1: Foul Ball, location: 23F
0-2: Ball
1-2: Fly out, F7 (Flyball, 78S, EV 89.4 MPH)
Bottom of the 3rd over - 3 runs, 3 hits, 1 error, 0 left on base; Washington 2 - San Francisco 5
TOP OF THE 4TH
Washington Nationals batting - Pitching for San Francisco Giants : RHP Chris Martin
Batting: RHB Jose Orozco 0-0: Called Strike
0-1: Ball
1-1: Swinging Strike
1-2: Ball
2-2: Strikes out swinging
Batting: RHB Isaiah Williams 0-0: Called Strike
0-1: Foul Ball, location: 9LSF
0-2: Foul Ball, location: 2F
0-2: Ball
1-2: Ball
2-2: Strikes out swinging
Batting: SHB Everett Anderson 0-0: Ball
1-0: Ball
2-0: Called Strike
2-1: Fly out, F9 (Flyball, 89M, EV 86.3 MPH)
Top of the 4th over - 0 runs, 0 hits, 0 errors, 0 left on base; Washington 2 - San Francisco 5
BOTTOM OF THE 4TH
San Francisco Giants batting - Pitching for Washington Nationals : RHP Thomas Strange
Batting: LHB Ernesto Pelayo 0-0: Ball
1-0: Ball
2-0: Fly out, F9 (Flyball, 9D, EV 82.5 MPH)
Batting: RHB Kevin Mosemann 0-0: Ball
1-0: Called Strike
1-1: Foul Ball, location: 7LDF
1-2: Strikes out swinging
Batting: RHB Dave Melton 0-0: Fly out, F8 (Flyball, 8LM, EV 95.0 MPH)
Bottom of the 4th over - 0 runs, 0 hits, 0 errors, 0 left on base; Washington 2 - San Francisco 5
TOP OF THE 5TH
Washington Nationals batting - Pitching for San Francisco Giants : RHP Chris Martin
Batting: LHB Sean Weaver 0-0: Foul Ball, location: 2F
0-1: Foul Ball, location: 7LSF
0-2: Foul Ball, location: 5F
0-2: Ball
1-2: Foul Ball, location: 5FF
1-2: Ground out 2-3 (Groundball, 2L, EV 69.4 MPH)
Batting: RHB Juan Lozano 0-0: Ball
1-0: Ball
2-0: Called Strike
2-1: Fly out, F8 (Line Drive, 8RD, EV 85.6 MPH)
Batting: RHB Luis Rivera 0-0: Foul Ball, location: 23F
0-1: Ground out 4-3 (Groundball, 4M, EV 84.4 MPH)
Top of the 5th over - 0 runs, 0 hits, 0 errors, 0 left on base; Washington 2 - San Francisco 5
BOTTOM OF THE 5TH
San Francisco Giants batting - Pitching for Washington Nationals : RHP Thomas Strange
Batting: RHB Erik Mulloy 0-0: Called Strike
0-1: Ball
1-1: Ball
2-1: Foul Ball, location: 2F
2-2: SINGLE (Line Drive, 78S, EV 110.6 MPH)
Batting: RHB Masataka Kato 0-0: Called Strike
0-1: Ball
1-1: Foul Ball, location: 9LSF
1-2: Foul Ball, location: 5SF
1-2: Ball
2-2: Ball
3-2: Foul Ball, location: 2F
3-2: Foul Ball, location: 5F
3-2: Ground out 5-3 (Groundball, 56S, EV 73.1 MPH)
Erik Mulloy to second
Batting: LHB Daniel Cipolla 0-0: Called Strike
0-1: Ground out 4-3 (Groundball, 4, EV 78.8 MPH)
Erik Mulloy to third
Batting: RHB David Bishop 0-0: Ball
1-0: Ball
2-0: Called Strike
2-1: Called Strike
2-2: Strikes out swinging
Bottom of the 5th over - 0 runs, 1 hit, 0 errors, 1 left on base; Washington 2 - San Francisco 5
TOP OF THE 6TH
Washington Nationals batting - Pitching for San Francisco Giants : RHP Chris Martin
Batting: SHB Kyle Spencer 0-0: Foul Ball, location: 25F
0-1: Called Strike
0-2: Ball
1-2: Ball
2-2: Ball
3-2: Foul Ball, location: 3FF
3-2: SINGLE (Line Drive, 9LS, EV 98.1 MPH)
Batting: LHB Bubba Main 0-0: Ball
1-0: Ball
2-0: Fly out, F9 (Line Drive, 89D, EV 90.6 MPH)
Batting: LHB Jose Lara 0-0: Swinging Strike
0-1: DOUBLE (Line Drive, 78M, EV 85.6 MPH)
Kyle Spencer to third
Runner from 3rd tries for Home, SAFE, throw by CF to home
Batting: RHB Jose Orozco 0-0: Ball
1-0: Called Strike
1-1: Called Strike
1-2: Ball
2-2: Ball
3-2: Fly out, F8 (Flyball, 8LM, EV 91.9 MPH)
Pitching: RHP Burke Rohrabaugh
Batting: RHB Isaiah Williams 0-0: Called Strike
0-1: Ball
1-1: Foul Ball, location: 2F
1-2: Ball
2-2: Foul Ball, location: 2RF
2-2: Fly out, F9 (Flyball, 9D, EV 93.8 MPH)
Top of the 6th over - 1 run, 2 hits, 0 errors, 1 left on base; Washington 3 - San Francisco 5
BOTTOM OF THE 6TH
San Francisco Giants batting - Pitching for Washington Nationals : RHP Thomas Strange
Batting: LHB Kevin Shaw 0-0: Ball
1-0: Ball
2-0: Ground out 4-3 (Groundball, 4, EV 80.0 MPH)
Batting: RHB Danny Bute 0-0: Called Strike
0-1: Ground out 4-3 (Groundball, 34, EV 109.4 MPH)
Batting: LHB Ernesto Pelayo 0-0: Called Strike
0-1: Foul Ball, location: 2F
0-2: Ball
1-2: Strikes out swinging
Bottom of the 6th over - 0 runs, 0 hits, 0 errors, 0 left on base; Washington 3 - San Francisco 5
TOP OF THE 7TH
Washington Nationals batting - Pitching for San Francisco Giants : RHP Burke Rohrabaugh
Pitching: RHP Drew Goodwin
Now at C: Ben Presley
Batting: SHB Everett Anderson 0-0: Called Strike
0-1: Foul Ball, location: 9LSF
0-2: Ground out 4-3 (Groundball, 4, EV 86.3 MPH)
Batting: LHB Sean Weaver 0-0: Called Strike
0-1: Ball
1-1: Called Strike
1-2: Ball
2-2: Ball
3-2: DOUBLE (Line Drive, 89XD, EV 105.6 MPH)
Pinch Hitting: LHB Juan Chavez 0-0: Ball
1-0: Swinging Strike
1-1: Called Strike
1-2: Ball
2-2: Foul Ball, location: 2F
2-2: Strikes out swinging
Pinch Hitting: RHB Mario Garcia 0-0: Called Strike
0-1: Ball
1-1: Called Strike
1-2: Ball
2-2: Strikes out looking
Top of the 7th over - 0 runs, 1 hit, 0 errors, 1 left on base; Washington 3 - San Francisco 5
BOTTOM OF THE 7TH
San Francisco Giants batting - Pitching for Washington Nationals : RHP Thomas Strange
Pitching: RHP John Skinner
Now at 2B: Mario Garcia
Now in CF: Jon Young
Pinch Hitting: SHB Josh Packard 0-0: Ball
1-0: Foul Ball, location: 2F
1-1: Foul Ball, location: 9LDF
1-2: SINGLE (Flyball, 3D, EV 91.3 MPH)
Batting: RHB Dave Melton 0-0: Sac Bunt to 15 - play at first, batter OUT! 1-3
Josh Packard to second
Batting: RHB Erik Mulloy 0-0: Called Strike
0-1: Ball
1-1: Ball
2-1: Fly out, F8 (Flyball, 8LD, EV 83.1 MPH)
Batting: RHB Masataka Kato 0-0: Ball
1-0: Foul Ball, location: 9LDF
1-1: Foul Ball, location: 2F
1-2: Foul Ball, location: 3FF
1-2: Ball
2-2: Foul Ball, location: 23FF
2-2: Ball
Wild Pitch!
Josh Packard to third
3-2: Ground out U3 (Groundball, 3L, EV 85.0 MPH)
Bottom of the 7th over - 0 runs, 1 hit, 0 errors, 1 left on base; Washington 3 - San Francisco 5
TOP OF THE 8TH
Washington Nationals batting - Pitching for San Francisco Giants : RHP Drew Goodwin
Pitching: LHP Alexis Mendoza
Now at 1B: Greg Schaefer
Now at SS: Bryce Bissinger
Batting: SHB Kyle Spencer 0-0: Ball
1-0: Foul Ball, location: 25FF
1-1: SINGLE (Line Drive, 7S, EV 105.0 MPH)
Batting: LHB Bubba Main 0-0: Swinging Strike
0-1: Swinging Strike
0-2: Ball
1-2: Ball
2-2: Foul Ball, location: 7LDF
2-2: Ball
3-2: Base on Balls
Kyle Spencer to second
Batting: LHB Jose Lara 0-0: Foul Ball, location: 9LSF
0-1: Swinging Strike
0-2: Ball
1-2: Ball
2-2: Foul Ball, location: 3SF
2-2: Strikes out looking
Batting: RHB Jose Orozco 0-0: Ball
1-0: Foul Ball, location: 5F
1-1: Foul Ball, location: 23F
1-2: Ball
2-2: Ball
3-2: SINGLE (Line Drive, 89S, EV 110.6 MPH)
Kyle Spencer to third
Bubba Main to second
Runner from 3rd tries for Home, SAFE, throw by RF to home
Batting: RHB Isaiah Williams 0-0: Ball
1-0: Swinging Strike
1-1: Ball
2-1: DOUBLE (Line Drive, 5D, EV 95.0 MPH)
Bubba Main scores
Jose Orozco to third
Runner from 3rd tries for Home, SAFE, throw by LF to home
Batting: SHB Everett Anderson 0-0: Intentional Walk
Batting: LHB Sean Weaver 0-0: Called Strike
0-1: Ball
1-1: Called Strike
1-2: Strikes out swinging
Batting: RHB Jon Young 0-0: Ball
1-0: Called Strike
1-1: Foul Ball, location: 9LSF
1-2: Ball
2-2: Strikes out looking
Top of the 8th over - 3 runs, 3 hits, 0 errors, 2 left on base; Washington 6 - San Francisco 5
BOTTOM OF THE 8TH
San Francisco Giants batting - Pitching for Washington Nationals : RHP John Skinner
Batting: LHB Daniel Cipolla 0-0: Called Strike
0-1: Ball
1-1: Ball
2-1: Ball
3-1: Base on Balls
Batting: RHB David Bishop 0-0: Fly out, F8 (Flyball, 8LD, EV 93.8 MPH)
Batting: RHB Ben Presley 0-0: Ball
1-0: Foul Ball, location: 5DF
1-1: Ball
2-1: Ball
3-1: Base on Balls
Daniel Cipolla to second
Batting: LHB Lindsay Foreman 0-0: Ball
1-0: Foul Ball, location: 7LMF
1-1: Ball
2-1: Ball
3-1: Swinging Strike
3-2: Strikes out swinging
Batting: LHB Ernesto Pelayo 0-0: Ball
1-0: Foul Ball, location: 9LMF
1-1: Fly out, F8 (Flyball, 8RM, EV 90.0 MPH)
Bottom of the 8th over - 0 runs, 0 hits, 0 errors, 2 left on base; Washington 6 - San Francisco 5
TOP OF THE 9TH
Washington Nationals batting - Pitching for San Francisco Giants : LHP Alexis Mendoza
Batting: RHB Mario Garcia 0-0: Ball
1-0: Ball
2-0: DOUBLE (Flyball, 8LXD, EV 91.3 MPH)
Batting: SHB Kyle Spencer 0-0: Ball
1-0: DOUBLE (Line Drive, 9LM, EV 95.0 MPH)
Mario Garcia scores
Batting: LHB Bubba Main 0-0: Intentional Walk
Pitching: LHP Nate Torgerson
Batting: LHB Jose Lara 0-0: Called Strike
0-1: Ball
1-1: Foul Ball, location: 9LMF
1-2: Foul Ball, location: 2F
1-2: Ground out 6-3 (Groundball, 4MS, EV 64.4 MPH)
Kyle Spencer to third
Bubba Main to second
Batting: RHB Jose Orozco 0-0: Intentional Walk
Batting: RHB Isaiah Williams 0-0: Ball
1-0: SINGLE (Line Drive, 7S, EV 91.9 MPH)
Kyle Spencer scores
Bubba Main to third
Jose Orozco to second
Batting: SHB Everett Anderson 0-0: SINGLE (Line Drive, 7LS, EV 91.9 MPH)
Bubba Main scores
Jose Orozco to third
Isaiah Williams to second
Batting: LHB Sean Weaver 0-0: Fly out, F8 (Flyball, 89M, EV 81.3 MPH)
Runner from 3rd tags up, SCORES, throw by CF
Batting: RHB Jon Young 0-0: Ball
1-0: Ball
2-0: DOUBLE (Line Drive, 89XD, EV 105.6 MPH)
Isaiah Williams scores
Everett Anderson to third
Batting: RHB Mario Garcia 0-0: Called Strike
0-1: Ball
1-1: Ball
2-1: Foul Ball, location: 2F
2-2: Strikes out looking
Top of the 9th over - 5 runs, 5 hits, 0 errors, 2 left on base; Washington 11 - San Francisco 5
BOTTOM OF THE 9TH
San Francisco Giants batting - Pitching for Washington Nationals : RHP John Skinner
Pitching: RHP Liam Dorfman
Batting: RHB Greg Schaefer 0-0: Ground out 6-3 (Groundball, 6, EV 90.0 MPH)
Batting: RHB Dave Melton 0-0: Ball
1-0: SINGLE (Line Drive, 6M, EV 95.6 MPH)
Batting: RHB Erik Mulloy 0-0: Ball
1-0: Ball
2-0: Swinging Strike
2-1: Foul Ball, location: 7LSF
2-2: DOUBLE (Line Drive, 89D, EV 106.9 MPH)
Dave Melton to third
Batting: LHB Bryce Bissinger 0-0: Ball
1-0: Called Strike
1-1: Called Strike
1-2: Ball
2-2: Fly out, F9 (Flyball, 89D, EV 100.6 MPH)
Runner from 3rd tags up, SCORES, no throw by RF
Batting: LHB Daniel Cipolla 0-0: Called Strike
0-1: Ground out 3-1 (Groundball, 34S, EV 88.8 MPH)
Bottom of the 9th over - 1 run, 2 hits, 0 errors, 1 left on base; Washington 11 - San Francisco 6
Tuesday, April 9th , 2024 - OOTP Baseball 24.11 Build 85